 Dungeon Crawl Stone Soup version 0.22-a0-305-gd21a89c (webtiles) character file.

1097 Borgoz the Skirmisher (level 8, -7/70 HPs)
             Began as a Hill Orc Fighter on Mar 31, 2018.
             Mangled by an ice beast (14 damage)
             ... on level 5 of the Dungeon.
             The game lasted 00:14:08 (5652 turns).

Borgoz the Skirmisher (Hill Orc Fighter)            Turns: 5652, Time: 00:14:09

Health: -7/70      AC: 16    Str: 19    XL:     8   Next: 31%
Magic:  8/8        EV: 13    Int:  8    God:
Gold:   181        SH:  0    Dex: 12    Spells: 7/7 levels left

rFire    . . .     SeeInvis .   a - +1 war axe
rCold    . . .     Gourm    .   c - +0 shield
rNeg     . . .     Faith    .   g - +4 scale mail
rPois    .         Spirit   .   (no helmet)
rElec    .         Reflect  .   r - +0 cloak
rCorr    .         Harm     .   z - +2 pair of gloves
MR       .....                  (no boots)
Stlth    ..........             (no amulet)
HPRegen  0.21/turn              j - +4 ring of evasion
MPRegen  0.11/turn              t - ring of flight

@: confused
A: no striking features
a: Convert to Beogh, Evoke Flight


You were on level 5 of the Dungeon.
You were not hungry.

You visited 1 branch of the dungeon, and saw 5 of its levels.
You also visited: Sewer.

You collected 181 gold pieces.

Inventory:

Hand Weapons
 a - a +1 war axe (weapon)
 q - a +2 quarterstaff of chaos
Armour
 c - a +0 shield (worn)
 g - a +4 scale mail (worn)
 r - a +0 cloak (worn)
 z - a +2 pair of gloves (worn)
Jewellery
 j - a +4 ring of evasion (left hand)
 s - an uncursed amulet of faith
 t - a ring of flight (right hand)
Scrolls
 e - a scroll of fear
 i - a scroll of enchant armour {unknown}
 l - a scroll of random uselessness
 n - a scroll of enchant weapon
 w - a scroll of magic mapping {unknown}
 x - a scroll of teleportation
 y - a scroll of fog
Potions
 d - 3 potions of might
 h - 2 potions of brilliance
 k - 2 potions of flight
 m - a potion of curing {unknown}
 o - 2 potions of heal wounds {unknown}
 p - a potion of magic {unknown}
 v - a potion of lignification
Comestibles
 b - 2 chunks of flesh
 f - 7 rations


   Skills:
 + Level 6.3 Fighting
 + Level 6.1 Axes
 + Level 5.7 Armour
 + Level 3.3 Dodging
 + Level 5.6 Shields


You had 7 spell levels left.
You didn't know any spells.

Dungeon Overview and Level Annotations

Branches:
Dungeon (5/15)
 Temple: D:4-7

Altars:
Qazlal
Sif Muna

Annotations:
D:3 Grinder


Message History

Unknown command.
The orc priest mumbles some strange prayers to Beogh against you.
Beogh smites you!
* * * LOW HITPOINT WARNING * * *
There is an open door here.
Okay, then.
You are confused.
You feel invigorated.
The phantom blinks!
You bump into the rock wall.
The ice beast hits you.
* * * LOW HITPOINT WARNING * * *
The ice beast freezes you!
* * * LOW HITPOINT WARNING * * *
Unknown command.
You're too confused!
You're too confused to move!
The orc wizard mumbles some strange words.
The orc wizard blinks!
The ice beast hits you.
* * * LOW HITPOINT WARNING * * *
The ice beast freezes you!
You die...

#. #. #.. #.(. #...#+#### #
#........### ########.######
#.......).# .....W.......###
#.........#####...............
#............@Y..Z......#≈..#.
#.........#####.........≈≈≈≈≈.
#.........# #.o.....#≈≈≈≈≈≈≈
#.........# #....§...≈o≈≈≈≈≈
#.........# ######...≈Y≈.≈≈≈
########### ......≈o≈≈≈≈≈
.....#≈o≈≈≈≈≈ !......≈≈≈≈≈.
....#..#o..#.


You could see a phantom, an ice beast, an orc priest and a centaur zombie.

Vanquished Creatures
  Sigmund (D:4)
  Eustachio (D:4)
  Edmund (D:4)
  Blork the orc (D:5)
  2 crimson imps (D:5)
  A centaur skeleton (D:5)
  3 hounds (D:4)
  Crazy Yiuf (D:3)
  2 orc wizards (D:4)
  Jessica (D:3)
  3 worker ants (D:4)
  Robin (D:2)
  3 gnolls
  9 adders
  An adder skeleton (D:4)
  5 worms
  2 dart slugs
  2 leopard geckos (D:1)
  12 orcs
  7 ball pythons
  8 bats
  5 giant cockroaches
  14 goblins
  12 hobgoblins
  14 jackals
  8 kobolds
  2 quokkas
  5 frilled lizards
  A leopard gecko skeleton (D:4)
  6 rats
  2 fungi (D:1)
  9 plants (Sewer)
145 creatures vanquished.

Notes
Turn   | Place    | Note
-------+----------+-------------------------------------------
     0 | D:1      | Borgoz the Hill Orc Fighter began the quest for the Orb.
     0 | D:1      | Reached XP level 1. HP: 19/19 MP: 1/1
   302 | D:1      | Reached XP level 2. HP: 27/27 MP: 2/2
   560 | D:1      | Reached XP level 3. HP: 30/33 MP: 3/3
  1363 | D:1      | Reached skill level 1 in Dodging
  1381 | D:1      | Reached XP level 4. HP: 40/40 MP: 4/4
  1421 | D:2      | Noticed Robin
  1440 | D:2      | Killed Robin
  1563 | D:2      | Noticed a water elemental
  1565 | D:2      | Found a stormy altar of Qazlal.
  1566 | D:2      | Noticed an earth elemental
  1566 | D:2      | Noticed a fire elemental
  1566 | D:2      | Noticed an air elemental
  1733 | D:2      | Found a deep blue altar of Sif Muna.
  1981 | D:3      | Noticed Grinder
  2098 | D:3      | Found a runed door.
  2102 | D:3      | Noticed Crazy Yiuf
  2105 | D:3      | Killed Crazy Yiuf
  2105 | D:3      | Reached XP level 5. HP: 26/47 MP: 5/5
  2308 | D:3      | Noticed Jessica
  2314 | D:3      | Killed Jessica
  2614 | D:3      | Reached XP level 6. HP: 40/53 MP: 6/6
  2731 | D:3      | Paralysed by Grinder for 2 turns
  3182 | D:4      | Noticed Eustachio
  3204 | D:4      | Killed Eustachio
  3204 | D:4      | Reached skill level 5 in Fighting
  3506 | D:4      | Reached XP level 7. HP: 59/61 MP: 7/7
  3558 | D:4      | Noticed Edmund
  3570 | D:4      | Killed Edmund
  3570 | D:4      | Reached skill level 5 in Axes
  3652 | D:4      | Reached skill level 5 in Armour
  3807 | D:4      | Reached skill level 5 in Shields
  4198 | D:4      | Noticed Sigmund
  4215 | D:4      | Killed Sigmund
  4215 | D:4      | Reached XP level 8. HP: 36/70 MP: 8/8
  4770 | D:5      | Entered Level 5 of the Dungeon
  4776 | D:5      | Found a glowing drain.
  4844 | Sewer    | Entered a sewer
  5615 | D:5      | Noticed Blork the orc
  5620 | D:5      | Killed Blork the orc
  5652 | D:5      | Mangled by an ice beast

Vault maps used:
D:1:      dpeg_arrival_water_fire
D:2:      lemuel_doored_altar, nicolae_qazlal_style_of_elements, uniq_robin
D:3:      first_ration, uniq_jessica, uniq_grinder, uniq_crazy_yiuf_cottage
D:4:      minmay_misc_feat_nine_boxes, hangedman_abyss_or_decor_lesser_grid,
          uniq_sigmund, uniq_eustachio, uniq_edmund
D:5:      cheibrodos_sewer_entry_drain, uniq_blork_the_orc, uniq_ijyb
Sewer:    sewer_co_scattered_pipes

Skill      XL: |  1  2  3  4  5  6  7  8 |
---------------+-------------------------+-----
Axes           | 3 4 5 6 |  6.1
Fighting       | 4 5 6 |  6.3
Dodging        | 1 2 3 |  3.3
Armour         | 4 5 |  5.7
Shields        | 4 5 |  5.6

Action                   |  1- 3 |  4- 6 |  7- 9 || total
-------------------------+-------+-------+-------++-------
Melee: War axe           |   115 |   211 |   318 ||   644
  Use: Potion            |       |     1 |     1 ||     2
       Scroll            |       |       |    11 ||    11
 Stab: Distracted        |       |       |     1 ||     1
  Eat: Chunk             |     2 |     6 |     9 ||    17
Armor: Scale mail        |    49 |   105 |    74 ||   228
Dodge: Dodged            |    44 |   113 |    95 ||   252
Block: Shield            |    60 |   120 |    92 ||   272

Table legend:
 A = Spawn XP
 B = Non-spawn XP
 C = Spawn XP percentage of total XP
 D = Spawn monster count
 E = Non-spawn monster count
 F = Spawn count percentage of total count
 G = Total turns spent on level
                    A         B        C        D         E        F      G
               +---------+---------+-------+---------+---------+-------+---------
         Total |       0 |    1568 |   0.0 |       0 |     134 |   0.0 |  5652
               +---------+---------+-------+---------+---------+-------+---------
           D:1 |       0 |      87 |   0.0 |       0 |      35 |   0.0 |  1160
           D:2 |       0 |      69 |   0.0 |       0 |      24 |   0.0 |  1001
           D:3 |       0 |     180 |   0.0 |       0 |      26 |   0.0 |   674
           D:4 |       0 |     935 |   0.0 |       0 |      25 |   0.0 |  1935
           D:5 |       0 |     237 |   0.0 |       0 |       7 |   0.0 |   120
         Sewer |       0 |      60 |   0.0 |       0 |      17 |   0.0 |   762
               +---------+---------+-------+---------+---------+-------+---------
